 Dungeon Crawl Stone Soup version 0.31-a0-240-gb923e448b6 (webtiles) character file.

Game seed: 14563715279628684742

10640 Nattfarinn the Martial Artist (level 11, -39/72 HPs)
             Began as an Octopode Venom Mage on July 12, 2023.
             Was an Initiate of Gozag.
             Annihilated by a very large slime creature (57 damage)
             ... in an ice cave.
             The game lasted 00:35:16 (13280 turns).

Nattfarinn the Martial Artist (OpVM)               Turns: 13280, Time: 00:35:17

Health: -39/72     AC:  5    Str: 15    XL:     11   Next: 65%
Magic:  23/23      EV: 14    Int: 20    God:    Gozag
Gold:   892        SH:  5    Dex: 13    Spells: 2/14 levels left

rFire   + .          .
                       - Unarmed
rCold   + . .        (no shield)
rNeg    . . .        t - melded +2 hat
rPois   .            F - amulet of Reimbursement {Reflect rElec rF+ SH+5}
rElec   +            d - ring of protection from cold
rCorr   .            s - ring of magical power
SInv    .            G - +4 ring of protection
Will    .....        I - ring of flight
Stlth   +++          K - +6 ring of strength
HPRegen 0.32/turn    (no ring)
MPRegen 0.18/turn    (no ring)
                     (no ring)

%: reflection
@: beast-form, gold aura, flying
A: beast (slay +6), almost no armour, amphibious, 8 rings, camouflage 1,
gelatinous body 1, (nimble swimmer 1), tentacles
a: Renounce Religion, Potion Petition, Call Merchant, Bribe Branch


You were in an ice cave.
You worshipped Gozag.
Gozag was pleased with you.
You were a hulking beast.
You visited 2 branches of the dungeon, and saw 12 of its levels.
You also visited: Bailey and Ice Cave.

You collected 2512 gold pieces.
You spent 1494 gold pieces at shops.
You paid 126 gold pieces to Gozag.

Inventory:

Hand Weapons
 c - a +0 whip
 E - a +0 shortbow
Armour
 t - a +2 hat (melded)
Jewellery
 d - a ring of protection from cold (left tentacle)
 j - an amulet of guardian spirit
 s - a ring of magical power (right tentacle)
 F - the amulet of Reimbursement (around mantle) {Reflect rElec rF+ SH+5}
   (You bought it in a shop on level 1 of the Dungeon)

   [amulet of reflection]

   It reflects blocked missile attacks.
   rF:        It protects you from fire.
   rElec:     It insulates you from electricity.
   SH:        It affects your SH (+5).
 G - a +4 ring of protection (on tentacle)
 I - a ring of flight (on tentacle)
 K - a +6 ring of strength (on tentacle)
Talismans
 H - a beast talisman
Wands
 J - a wand of polymorph (5)
Scrolls
 a - a scroll of poison {unknown}
 e - 2 scrolls of noise {unknown}
 i - 3 scrolls of enchant weapon
 l - 2 scrolls of enchant armour {unknown}
 m - a scroll of brand weapon {unknown}
 n - 4 scrolls of teleportation
 o - 5 scrolls of vulnerability
 p - a scroll of amnesia {unknown}
 r - 2 scrolls of silence {unknown}
 w - 2 scrolls of revelation {unknown}
 y - a scroll of torment {unknown}
 z - a scroll of immolation {unknown}
 B - a scroll of butterflies {unknown}
 C - a scroll of fear {unknown}
 L - 3 scrolls of identify
Potions
 b - 7 potions of enlightenment
 f - a potion of berserk rage {unknown}
 g - 4 potions of curing
 h - 4 potions of attraction {unknown}
 k - 3 potions of mutation {unknown}
 q - a potion of degeneration {unknown}
 u - a potion of cancellation {unknown}
 v - a potion of brilliance {unknown}
 x - a potion of lignification {unknown}
 A - 2 potions of haste {unknown}
 D - a potion of invisibility {unknown}
 M - 3 potions of heal wounds


   Skills:
 - Level 6.1 Fighting
 - Level 3.2 Dodging
 - Level 2.6 Stealth
 - Level 10.9 Unarmed Combat
 - Level 2.0 Spellcasting
 - Level 1.0 Transmutations
 - Level 7.3 Poison Magic
 + Level 9.8 Shapeshifting


You had 2 spell levels left.
You knew the following spells:

 Your Spells              Type           Power      Damage    Failure   Level
a - Sting                 Tmut/Pois      72%        1d6       2%          1
b - Olgreb's Toxic Radia  Pois           31%        N/A       8%          4
c - Poisonous Vapours     Pois/Air       32%        N/A       5%          2
d - Call Imp              Summ           4%         N/A       24%         2
e - Mephitic Cloud        Conj/Pois/Air  11%        N/A       17%         3

Your spell library contained the following spells:

 Spells                   Type           Power      Damage    Failure   Level
 Apportation              Tloc           4%         N/A       16%         1
 Magic Dart               Conj           8%         1d3       16%         1
 Summon Small Mammal      Summ           8%         N/A       16%         1
 Call Canine Familiar     Summ           2%         N/A       43%         3
 Summon Guardian Golem    Hex/Summ       2%         N/A       43%         3
 Volatile Blastmotes      Fire/Tloc      4%         2d10      43%         3
 Alistair's Intoxication  Tmut/Pois      12%        N/A       61%         5
 Fulminant Prism          Conj/Hex       1%         3d5       83%         4
 Iskenderun's Mystic Bla  Conj/Tloc      2%         2d3       83%         4


Dungeon Overview and Level Annotations

Branches:
Dungeon (11/15)            Temple (1/1) D:5            Lair (0/5) D:10
    Orc (0/2) D:9          Bailey (visited)           IceCv (1/1)

Altars:
Ashenzari
Cheibriados
Dithmenos
Elyvilon
Fedhas
Gozag
Hepliaklqana
Kikubaaqudgha
Makhleb
Nemelex Xobeh
Okawaru
Qazlal
Ru
Sif Muna
Trog
Uskayaw
Vehumet
Wu Jian
Xom
Yredelemnul
Zin
The Shining One

Shops:
D:1 !=[=:   D:3 (   D:5 :


Innate Abilities, Weirdness & Mutations

You are a hulking beast.
Your limbs bulge with bestial killing power. (Slay +6)
You cannot wear most types of armour.
You are amphibious.
You can wear up to eight rings at the same time.
Your skin changes colour to match your surroundings (Stealth+).
Your rubbery body absorbs attacks. (AC +1, EV +1)
((You are camouflaged when in or above water. (Stealth+)))
You have tentacles for arms and can constrict up to eight enemies at once.


Message History

You tentacle-slap the ice statue. You squeeze the ice statue.
The ice statue is lightly damaged.
The slime creature quivers.
You bludgeon the ice statue!
You squeeze the ice statue, but do no damage.
The ice statue is moderately damaged.
The ice statue glitters chillingly in the dim dungeon light.
You bludgeon the ice statue! You squeeze the ice statue.
The ice statue is heavily damaged.
You bludgeon the ice statue!
The ice statue is severely damaged.
The ice statue gestures at you. The bolt of cold misses you.
Two slime creatures merge to form a large slime creature.
You bludgeon the ice statue! You squeeze the ice statue.
The ice statue is almost destroyed.
Two slime creatures merge to form a very large slime creature.
Unknown command.
You tentacle-slap the ice statue.
The ice statue is almost destroyed.
Unknown command.
You bludgeon the ice statue!
You destroy the ice statue!
Unknown command.
Okay, then.
You batter the very large slime creature!!
You squeeze the very large slime creature.
The very large slime creature is lightly wounded.
The very large slime creature misses you.
You bludgeon the very large slime creature!
The very large slime creature is moderately wounded.
The very large slime creature hits you!!!
Ouch! That really hurt!
* * * LOW HITPOINT WARNING * * *
Unknown command.
The very large slime creature attacks as you move away!
The very large slime creature hits you!!!
Ouch! That really hurt!
You die...
Your body crumbles into a pile of gold.

..... ... #.#
########.##
###.......$.#
##...........### ##
#......###.....###$.
#.....######........
#..hJ....[[###....##
##.....##=[. ######
##....$## . ..
####...### ..
##....#### ##
###.....#####.
####........
####...## ##.##


You could see a very large slime creature.

Vanquished Creatures
  A two-headed ogre (D:10)
  2 orc knights (Bailey)
  An ice statue (IceCv)
  2 kobold demonologists
  A rime drake (D:9)
  A polar bear (D:9)
  2 trolls (D:9)
  6 yaks (D:9)
  A wraith (D:10)
  A steam dragon (D:8)
  4 vampire mosquitoes (D:10)
  2 water moccasins (D:6)
  2 sky beasts
  6 ice beasts
  8 orc warriors
  2 black bears
  4 wolves (D:10)
  10 centaurs
  A phantom (D:6)
  3 slime creature simulacra (IceCv)
  A bullfrog (D:6)
  4 kobold brigands
  A gnoll sergeant (D:6)
  A two-headed ogre simulacrum (D:11)
  A scorpion (D:6)
  A glowing shapeshifter simulacrum (IceCv)
  15 killer bees
  5 howler monkeys
  2 electric eels
  4 hounds
  5 orc priests
  6 iguanas
  2 sleepcaps
  7 orc wizards
  2 troll simulacra (D:11)
  3 shapeshifter simulacra (IceCv)
  7 gnolls (D:6)
  6 adders
  2 white imps
  3 ufetubi
  A worm (D:2)
  3 dart slugs
  29 orcs
  4 ball pythons
  6 bats
  2 endoplasms
  2 giant cockroaches
  13 goblins
  7 hobgoblins
  29 kobolds
  2 quokkas
  3 frilled lizards
  5 rats
244 creatures vanquished.

Notes
Turn   | Place    | Note
-------+----------+-------------------------------------------
     0 | D:1      | Nattfarinn the Octopode Venom Mage began the quest for the
                  | Orb.
     0 | D:1      | Reached XP level 1. HP: 11/11 MP: 3/3
   131 | D:1      | Found Xisiwali's Book Shop.
   230 | D:1      | Reached XP level 2. HP: 17/17 MP: 3/5
   358 | D:1      | Found Asyx Ysh's Distillery.
   367 | D:1      | Found Dacuq's Jewellery Emporium.
   470 | D:1      | Found Awoelixa's Antique Armour Boutique.
   503 | D:1      | Found Jipnoh's Jewellery Shop.
   858 | D:1      | Reached XP level 3. HP: 21/21 MP: 4/6
   934 | D:2      | Reached skill level 5 in Poison Magic
  1018 | D:2      | Found a faded altar of an unknown god.
  1781 | D:3      | Found Fawenien's Antique Weapon Emporium.
  2560 | D:3      | Reached XP level 4. HP: 26/27 MP: 7/7
  2938 | D:4      | Learned a level 4 spell: Olgreb's Toxic Radiance
  2987 | D:4      | Reached XP level 5. HP: 8/31 MP: 4/8
  3614 | D:4      | Reached skill level 1 in Fighting
  3689 | D:4      | Learned a level 2 spell: Poisonous Vapours
  3912 | D:4      | Reached XP level 6. HP: 33/39 MP: 8/9
  4227 | D:5      | Entered Level 5 of the Dungeon
  4228 | D:5      | Found a staircase to the Ecumenical Temple.
  4240 | Temple   | Entered the Ecumenical Temple
  4580 | D:5      | Found Xiri's Book Boutique.
  4846 | D:5      | Found a radiant altar of Vehumet.
  4885 | D:5      | Found a burning altar of Makhleb.
  5221 | D:5      | Noticed a black bear
  5239 | D:5      | Killed a black bear
  5240 | D:5      | Reached XP level 7. HP: 49/49 MP: 6/10
  5450 | D:6      | Reached skill level 5 in Fighting
  5826 | D:6      | Reached skill level 1 in Unarmed Combat
  5826 | D:6      | Reached XP level 8. HP: 57/57 MP: 11/11
  5828 | D:6      | Reached skill level 2 in Unarmed Combat
  5834 | D:6      | Reached skill level 3 in Unarmed Combat
  6083 | D:6      | Learned a level 2 spell: Call Imp
  6100 | D:6      | Reached skill level 4 in Unarmed Combat
  6326 | D:6      | Reached skill level 5 in Unarmed Combat
  6593 | D:7      | Found an opulent altar of Gozag.
  6596 | D:7      | Found an ancient bone altar of Kikubaaqudgha.
  6601 | D:7      | Became a worshipper of Gozag Ym Sagoz the Greedy
  6656 | D:7      | Reached skill level 6 in Unarmed Combat
  6899 | D:7      | Found an ornate altar of the Wu Jian Council.
  7050 | D:7      | Reached XP level 9. HP: 43/62 MP: 12/12
  7159 | D:7      | Reached skill level 7 in Unarmed Combat
  7932 | D:8      | Reached skill level 8 in Unarmed Combat
  8030 | D:8      | Found a flagged portal.
  8043 | Bailey   | Entered a bailey
  8147 | Bailey   | Noticed an orc knight
  8164 | Bailey   | Noticed an orc knight
  8842 | Bailey   | Killed an orc knight
  8843 | Bailey   | Reached skill level 9 in Unarmed Combat
  8854 | Bailey   | Killed an orc knight
  8855 | Bailey   | Reached skill level 10 in Unarmed Combat
  8855 | Bailey   | Reached XP level 10. HP: 68/68 MP: 1/13
  9478 | D:8      | Found a hide-covered altar of Uskayaw.
  9644 | D:1      | Bought the amulet of Reimbursement {Reflect rElec rF+ SH+5}
                  | for 612 gold pieces
  9654 | D:1      | Bought a +4 ring of protection for 432 gold pieces
  9654 | D:1      | Bought a beast talisman for 240 gold pieces
  9656 | D:1      | Bought a ring of flight for 210 gold pieces
  9860 | D:9      | Reached skill level 1 in Shapeshifting
 10365 | D:9      | Found a glowing golden altar of the Shining One.
 10492 | D:9      | Reached skill level 5 in Shapeshifting
 10735 | D:9      | Found a staircase to the Orcish Mines.
 10912 | D:10     | Entered Level 10 of the Dungeon
 10912 | D:10     | Noticed a two-headed ogre
 10912 | D:10     | Noticed a kobold demonologist
 10993 | D:10     | Noticed a kobold demonologist
 10995 | D:10     | Noticed a smoke demon
 11001 | D:9      | Killed a kobold demonologist
 11383 | D:9      | Reached XP level 11. HP: 72/72 MP: 13/14
 11644 | D:10     | Found a staircase to the Lair.
 12282 | D:10     | Learned a level 3 spell: Mephitic Cloud
 12300 | D:10     | Found a blossoming altar of Fedhas.
 12452 | D:10     | Killed a two-headed ogre
 13027 | D:11     | Found a frozen archway.
 13048 | IceCv    | Entered an ice cave
 13280 | IceCv    | Annihilated by a very large slime creature

Illustrated notes

Levels and vault maps discovered:
D:1:      dpeg_arrival_more_subterranean_lakeside_camping, layout_basic,
          serial_shops, shop, nicolae_shop_just_a_little_nook, shop_statue,
          shop, shop
D:2:      layout_rooms, hellmonk_ecumenical_altar_zigzags
D:3:      layout_rooms, serial_co_window_serial, co_window_of_opportunity_a,
          co_window_paths_b, co_window_corner_a, co_window_paths_b,
          co_window_of_opportunity_a, co_window_paths_a, co_window_corner_b,
          co_window_broadway_c, co_window_of_opportunity_b,
          co_window_broadway_b, co_window_2corner, co_window_broadway_b,
          co_window_corner_b, co_window_paths_d, co_window_4corner_b,
          glass_columns_a, glass_columns_a, glass_columns_a, glass_columns_b,
          serial_shops, shop
D:4:      layout_basic
D:5:      layout_basic, vehumet_crystals, lemuel_crystal_altar,
          minmay_temple_entry_arrows, serial_shops, nicolae_stop_n_shop_1,
          saegor_snake_ambush
D:6:      layout_rooms
D:7:      layout_basic, pdpol_wu_jian_five_deadly_venoms,
          nicolae_overflow_squiral
D:8:      layout_rooms, nicolae_overflow_hidden_temple, enter_bailey_3
D:9:      layout_rooms, tso_oasis_becter, david_orc_4
D:10:     layout_long_grid, lemuel_round_altar, hellmonk_lair_entry_icy,
          grunt_ministairs_15, kennysheep_generic_room_9
D:11:     layout_basic, portal_ice_cave_entry_ice_simulacra,
          minmay_fractal_squares_5, uniq_grum, uniq_urug
Temple:   nicolae_temple_two_arcs
IceCv:    ice_cave_hellmonk_azure_passage

Skill      XL: |  1  2  3  4  5  6  7  8  9 10 11 |
---------------+----------------------------------+-----
Poison Magic   | 4 5 6 7 |  7.3
Fighting       | 2 4 6 |  6.1
Dodging        | 3 |  3.2
Unarmed Combat | 1 6 10 | 10.9
Shapeshifting  | 7 9 |  9.8
Stealth        | |  2.6
Spellcasting   | |  2.0
Transmutations | |  1.0

Action                     |  1- 3 |  4- 6 |  7- 9 | 10-12 || total
---------------------------+-------+-------+-------+-------++-------
  Melee: Whip              |    21 |       |       |       ||    21
         Constrict         |     7 |    12 |    14 |    34 ||    67
         Tentacles         |     4 |    13 |    26 |    51 ||    94
         Short sword       |     5 |    43 |    61 |       ||   109
         Unarmed           |       |       |    63 |   159 ||   222
         Punch             |       |       |     2 |    11 ||    13
   Cast: Sting             |    64 |    42 |     7 |       ||   113
         Olgreb's Toxic Ra |       |     8 |    40 |    31 ||    79
         Poisonous Vapours |       |     3 |    11 |    20 ||    34
         Call Imp          |       |       |     1 |     1 ||     2
         Mephitic Cloud    |       |       |       |     2 ||     2
    Use: Potion            |     1 |       |     3 |     1 ||     5
         Scroll            |       |     3 |     1 |     2 ||     6
   Stab: Distracted        |       |       |     1 |       ||     1
         Sleeping          |       |       |     1 |     4 ||     5
         Confused          |       |       |       |     2 ||     2
 Armour: Skin              |     6 |     5 |    20 |    33 ||    64
  Dodge: Dodged            |    27 |    27 |    87 |    90 ||   231
  Block: Other             |       |       |       |    34 ||    34
         Reflection        |       |       |       |     4 ||     4
   Form: Beast             |       |       |       |     1 ||     1

Table legend: (Time is in decaauts)
 A = Elapsed time spent in this place.
 B = Non-inter-level travel time spent in this place.
 C = Inter-level travel time spent in this place.
 D = Time resting spent in this place.
 E = Time spent auto-exploring this place.
 F = Levels seen in this place.
 G = Mean time per level.
                   A        B        C        D        E       F      G
               +--------+--------+--------+--------+--------+-----+--------+
         Total |  13254 |  12232 |   1022 |   1357 |   8949 |  14 |  946.7 |
       Dungeon |  11866 |  10859 |   1007 |    820 |   8557 |  11 | 1078.7 |
        Temple |     97 |     82 |     15 |      0 |     74 |   1 |   97.0 |
        Bailey |   1063 |   1063 |      0 |    506 |    236 |   1 | 1063.0 |
      Ice Cave |    226 |    226 |      0 |     31 |     82 |   1 |  226.0 |
               +--------+--------+--------+--------+--------+-----+--------+

Top non-repeatable levels by time:
     D:9: 1871 daAuts
     D:4: 1368 daAuts
     D:7: 1326 daAuts
     D:3: 1253 daAuts
     D:5: 1114 daAuts
    D:10: 1110 daAuts
     D:6: 1069 daAuts
  Bailey: 1063 daAuts
     D:1: 992 daAuts
     D:2: 820 daAuts
     D:8: 743 daAuts
   IceCv: 226 daAuts
    D:11: 196 daAuts
  Temple: 97 daAuts
